 Dungeon Crawl Stone Soup version 0.20-a0-910-gb611367 (webtiles) character file.

3684 porpoise the Archer (level 9, 0/79 HPs)
             Began as a Centaur Hunter on Mar 25, 2017.
             Slain by a killer bee zombie (4 damage)
             ... on level 6 of the Dungeon.
             The game lasted 00:38:05 (10356 turns).

porpoise the Archer (Centaur Hunter)               Turns: 10356, Time: 00:38:05

Health: 0/79       AC:  9    Str: 15    XL:     9   Next: 90%
Magic:  11/11      EV: 10    Int: 14    God:
Gold:   281        SH:  0    Dex: 11    Spells: 8/8 levels left

rFire    . . .     SeeInvis .   a - +1 shortbow
rCold    . . .     Gourm    .   y - +0 ring mail
rNeg     + . .     Faith    .   (shield currently unavailable)
rPois    .         Spirit   .   C - +0 helmet
rElec    .         Reflect  .   p - +0 cloak
rCorr    .         Harm     .   (no gloves)
MR       .....                  (no barding)
Stlth    ..........             (no amulet)
Regen    0.3/turn               I - ring of positive energy
MPRegen  0.2/turn               g - ring of flight

@: very quick
A: hooves 3, clever 2, clumsy 1, deformed body, speed 2, mutation resistance 1,
tough skin 3
a: Evoke Flight


You were on level 6 of the Dungeon.
You were not hungry.

You visited 1 branch of the dungeon, and saw 7 of its levels.

You collected 281 gold pieces.

Inventory:

Hand Weapons
 a - a +1 shortbow (weapon)
 b - a +3 rapier of freezing
 s - a +0 short sword
 u - a +0 trident
 B - a +2 short sword of venom
Missiles
 d - 29 arrows (quivered)
 q - 7 needles of sleeping
Armour
 c - a +0 leather armour
 p - a +0 cloak (worn)
 y - a +0 ring mail (worn)
 C - a +0 helmet (worn)
Jewellery
 g - a ring of flight (left hand)
 I - a ring of positive energy (right hand)
Wands
 l - a wand of random effects (27/48)
 A - a wand of flame (24/48)
 F - a wand of confusion (18/48)
 G - a wand of flame (26/48)
Scrolls
 e - a scroll of amnesia
 i - 2 scrolls of teleportation
 m - a scroll of fog {unknown}
 o - 3 scrolls of magic mapping
 r - 3 scrolls of remove curse
 w - a scroll of recharging {unknown}
 D - a scroll of blinking {unknown}
 J - a scroll of immolation
Potions
 h - a potion of mutation {unknown}
 j - 2 potions of brilliance
 t - a potion of magic
 v - 2 potions of might
 x - 2 potions of flight {unknown}
 z - a potion of agility {unknown}
Comestibles
 f - 8 chunks of flesh
 n - 3 meat rations
 E - 2 royal jellies


   Skills:
 - Level 7.2 Fighting
 + Level 11.6 Bows
 + Level 4.9 Armour
 - Level 4.0 Dodging
 - Level 0.4 Stealth
 + Level 3.8 Evocations


You had 8 spell levels left.
You didn't know any spells.

Dungeon Overview and Level Annotations

Branches:
Dungeon (7/15)
 Temple: D:4-7

Altars:
Gozag
Kikubaaqudgha
Qazlal
Yredelemnul
Zin

Shops:
D:4 *


Innate Abilities, Weirdness & Mutations

You have hooves in place of feet.
Armour fits poorly on your strangely shaped body.
You cover ground very quickly.
You have extremely tough skin. (AC +3)
Your mind is very acute. (Int +4)
You are clumsy. (Dex -2)
You are somewhat resistant to further mutation.


Message History

* * * LOW HITPOINT WARNING * * *
Firing (i - inventory):
d - 32 arrows (quivered)
Press: ? - help, Shift-Dir - straight line, f/p - killer bee zombie
Aim: a killer bee zombie (moderately damaged)
You shoot an arrow.
The arrow barely misses the killer bee zombie.
The killer bee zombie closely misses you.
Firing (i - inventory):
d - 31 arrows (quivered)
Press: ? - help, Shift-Dir - straight line, f/p - killer bee zombie
Aim: a killer bee zombie (moderately damaged)
You shoot an arrow. The arrow hits the killer bee zombie.
The killer bee zombie is heavily damaged.
The killer bee zombie hits you but does no damage. x2
Firing (i - inventory):
d - 30 arrows (quivered)
Press: ? - help, Shift-Dir - straight line, f/p - killer bee zombie
Aim: a killer bee zombie (heavily damaged)
You shoot an arrow. The arrow hits the killer bee zombie.
The killer bee zombie is heavily damaged.
The killer bee zombie hits you.
You die...

# #......# ########## # #.####.#
#........# # ##### #.# #.#
#.######.# # #...#
#.####.####.#### #.# # #...#
#.#............###.###
#####...###.#.##.#.##.##.......#
##.............#....#.######)#.#
##..(.....)....#......# #.#.#
##..............@Z((#.######.#.#
####...##########.##........#.#
###...### #.##########..#
#.......# #.# #.## #.##.##.#
##'## #.# #.##.##.# ##...## #.#
##.......# ##.....## ##.#
#..P.P...# ##.......## ##..#
##..._....####.........####.#+#


You could see a killer bee zombie.

Vanquished Creatures
  A hippogriff (D:6)
  6 yaks (D:6)
  Eustachio (D:4)
  A water moccasin (D:5)
  3 orc warriors
  A hornet zombie (D:7)
  A phantom (D:5)
  2 sky beasts
  An ice beast (D:5)
  2 ogres
  2 centaurs (D:6)
  2 bullfrogs (D:6)
  3 scorpions
  A water moccasin skeleton (D:6)
  3 howler monkeys
  2 crimson imps
  A quasit (D:7)
  3 hounds
  A jelly (D:6)
  2 bullfrog zombies
  5 orc priests
  4 orc wizards
  2 centaur skeletons
  3 worker ants
  A hound zombie (D:6)
  Robin (D:4)
  2 worker ant zombies
  6 adders
  A shadow imp (D:6)
  An ooze (D:5)
  3 adder skeletons
  A worm (D:2)
  2 dart slugs
  5 leopard geckos
  13 orcs
  7 bats
  6 giant cockroaches
  15 goblins
  12 hobgoblins
  6 jackals
  8 kobolds
  5 quokkas
  A ball python (D:3)
  5 frilled lizards
  A jackal skeleton (D:4)
  A quokka zombie (D:7)
  4 rats
160 creatures vanquished.

Notes
Turn   | Place    | Note
-------+----------+-------------------------------------------
     0 | D:1      | porpoise the Centaur Hunter began the quest for the Orb.
     0 | D:1      | Reached XP level 1. HP: 17/17 MP: 1/1
   583 | D:1      | Reached XP level 2. HP: 6/25 MP: 2/2
  1635 | D:2      | Reached XP level 3. HP: 24/31 MP: 3/3
  2312 | D:2      | Reached skill level 6 in Bows
  2398 | D:2      | Reached XP level 4. HP: 35/40 MP: 4/4
  2932 | D:3      | Found a glowing silver altar of Zin.
  2933 | D:3      | Found a stormy altar of Qazlal.
  3538 | D:4      | Reached XP level 5. HP: 37/47 MP: 5/5
  3619 | D:4      | Found Sauma's General Store.
  3672 | D:4      | Noticed Eustachio
  3702 | D:4      | Killed Eustachio
  3702 | D:4      | Reached skill level 5 in Fighting
  3702 | D:4      | Reached skill level 7 in Bows
  3702 | D:4      | Reached XP level 6. HP: 41/56 MP: 6/6
  3818 | D:4      | Noticed Robin
  3832 | D:4      | Killed Robin
  4556 | D:5      | Entered Level 5 of the Dungeon
  4897 | D:5      | Reached XP level 7. HP: 59/64 MP: 7/7
  5062 | D:5      | Reached skill level 8 in Bows
  5563 | D:6      | Found a basalt altar of Yredelemnul.
  5635 | D:6      | Reached skill level 1 in Armour
  5640 | D:6      | Gained mutation: Your mind is acute. (Int +2) [mutagenic meat]
  5641 | D:6      | Gained mutation: Your mind is very acute. (Int +4) [mutagenic meat]
  5642 | D:6      | Gained mutation: You are clumsy. (Dex -2) [mutagenic meat]
  5643 | D:6      | Gained mutation: You are somewhat resistant to further mutation. [mutagenic meat]
  5928 | D:6      | Reached XP level 8. HP: 66/73 MP: 8/8
  6090 | D:6      | Found an ancient bone altar of Kikubaaqudgha.
  6263 | D:6      | Reached skill level 9 in Bows
  8159 | D:6      | Reached skill level 10 in Bows
  8224 | D:6      | Reached XP level 9. HP: 57/79 MP: 9/9
  8866 | D:6      | Found an opulent altar of Gozag.
  8906 | D:6      | Reached skill level 1 in Evocations
  9034 | D:6      | Reached skill level 11 in Bows
 10353 | D:6      | HP: 3/79 [killer bee zombie (3)]
 10356 | D:6      | Slain by a killer bee zombie

Vault maps used:
D:1:      dpeg_arrival_rhombus, minmay_pentomino_t4
D:2:      first_bread, grunt_ministairs_9
D:3:      chequers_temple_overflow_statue_of_worship
D:4:      serial_shops, kennysheep_mini_moat, uniq_robin, uniq_eustachio
D:5:      st_stairs_9
D:6:      kennysheep_mini, yredelemnul_altar_generic, grunt_gozag_breadcrumbs,
          minivault_22
D:7:      lemuel_round_altar, lemuel_doored_altar, minmay_temple_entry_glass,
          hangedman_decor_points

Skill      XL: |  1  2  3  4  5  6  7  8  9 |
---------------+----------------------------+-----
Fighting       | 3 4 5 6 7 |  7.2
Bows           | 6 7 8 10 11 | 11.6
Armour         | 1 3 4 |  4.9
Dodging        | 2 3 4 |  4.0
Evocations     | 3 |  3.8
Stealth        | |  0.4

Action                   |  1- 3 |  4- 6 |  7- 9 || total
-------------------------+-------+-------+-------++-------
Melee: Short sword       |   125 |    51 |       ||   176
       Kick              |    23 |    21 |    49 ||    93
       Trident           |     7 |     1 |     8 ||    16
       Rapier            |       |    48 |   233 ||   281
 Fire: Shortbow          |    19 |    35 |   228 ||   282
Throw: Throwing net      |       |       |     2 ||     2
Evoke: Wand              |       |       |     4 ||     4
  Use: Scroll            |       |     8 |     2 ||    10
       Potion            |       |       |     5 ||     5
  Eat: Chunk             |     4 |     4 |    15 ||    23
       Royal jelly       |       |     1 |       ||     1
       Bread ration      |       |       |     2 ||     2
Armor: Leather armour    |    58 |     6 |       ||    64
       Ring mail         |       |    33 |   144 ||   177
Dodge: Dodged            |    59 |    35 |   158 ||   252
